 Seeded DCSS version 0.29.1-15-g9cfb28693d (webtiles) character file.

Game seed: 1 (custom seed)

64701 Kazon the Fighter (level 15, -1/189 HPs)
             Began as a Barachi Fighter on Mar 30, 2023.
             Was the Champion of Okawaru.
             Slain by a ghost moth (6 damage)
             ... on level 1 of the Spider Nest.
             The game lasted 01:35:21 (14359 turns).

Kazon the Fighter (Barachi Fighter)                Turns: 14359, Time: 01:35:21

Health: -1/189     AC: 14    Str: 15 (16) XL:     15   Next: 13%
Magic:  0/18       EV: 18    Int:  7 (9)  God:    Okawaru [******]
Gold:   608        SH: 10    Dex: 26 (28) Spells: 14/14 levels left

rFire   + + +      SeeInvis .   f - +10 Maxwell's thermic engine {flame, freeze}
rCold   + + .      Faith    .   c - +2 buckler
rNeg    . . .      Spirit   .   T - +0 troll leather armour
rPois   +          Reflect  .   k - +0 helmet
rElec   .          Harm     .   R - scarf {rC+ rF+}
rCorr   .          Rampage  .   r - +3 pair of gauntlets of War {Slay+5}
Will    +....      Clarity  +   m - +2 pair of boots
Stlth   ..........              Q - amulet "Odemouw" {Contam rPois rF+++ Regen+ Stlth+}
HPRegen 2.01/turn               O - ring of protection from cold
MPRegen 0.16/turn               X - +6 ring of dexterity

@: berserking, quick
A: amphibious, slowness 1, strong legs 2, +LOS, agile 1, clarity, low MP 1,
screaming 1
a: Hop, Renounce Religion, Heroism, Finesse, Duel


You were on level 1 of the Spider Nest.
You worshipped Okawaru.
Okawaru was exalted by your worship.
You visited 4 branches of the dungeon, and saw 20 of its levels.

You collected 1384 gold pieces.
You spent 776 gold pieces at shops.

Inventory:

Hand Weapons
 e - a +2 dagger of venom
 f - the +10 Maxwell's thermic engine (weapon) {flame, freeze}
   (You found it on level 1 of the Lair of Beasts)

   It burns those it strikes, dealing additional fire damage.
   Big, fiery blades are also staple armaments of hydra-hunters.
   It freezes those it strikes, dealing additional cold damage.
   It can also slow down cold-blooded creatures.
   It becomes more effective when it hits something.
   This effect fades over time.
 w - the +8 sling of Due Proportion {flame, rF++ Will++}
   (Okawaru gifted it to you on level 2 of the Lair of Beasts)

   Any ammunition fired from it burns those it strikes, dealing additional fire
   damage.
   rF:        It greatly protects you from fire.
   Will:      It greatly increases your willpower.
 x - a +2 vampiric long sword
Missiles
 o - 20 boomerangs
 q - a throwing net
 t - an atropa-tipped dart
 F - 9 curare-tipped darts
 J - 39 poisoned darts (quivered)
 K - a silver boomerang
 S - 3 javelins
Armour
 c - a +2 buckler (worn)
 k - a +0 helmet (worn)
 m - a +2 pair of boots (worn)
 r - the +3 pair of gauntlets of War (worn) {Slay+5}
   (You acquired it on level 1 of the Dungeon)

   Slay:      It affects your accuracy & damage with ranged weapons and melee
   (+5).
 R - a scarf of resistance (worn)
 T - a +0 troll leather armour (worn)
Jewellery
 D - a ring of protection from cold
 O - a ring of protection from cold (left hand)
 Q - the amulet "Odemouw" (around neck) {Contam rPois rF+++ Regen+ Stlth+}
   (You bought it in a shop on level 8 of the Dungeon)

   [amulet of regeneration]

   rF:        It renders you almost immune to fire.
   rPois:     It protects you from poison.
   Contam:    It causes magical contamination when unequipped.
   Regen:     It increases your rate of health regeneration.
   Stlth:     It makes you more stealthy.
 X - a +6 ring of dexterity (right hand)
Wands
 A - a wand of paralysis (23)
 C - a wand of mindburst (33)
 G - a wand of flame (34)
 H - a wand of polymorph (10)
 L - a wand of roots (11)
Scrolls
 i - 3 scrolls of identify
 n - a scroll of immolation
 p - 2 scrolls of poison
 s - 4 scrolls of fog
 v - a scroll of magic mapping
 y - 5 scrolls of teleportation
 z - 2 scrolls of noise {unknown}
 I - 3 scrolls of fear
 P - a scroll of silence
 Y - 2 scrolls of brand weapon {unknown}
Potions
 a - a potion of ambrosia
 b - 3 potions of berserk rage
 d - 3 potions of might
 g - 3 potions of haste
 h - 2 potions of flight
 j - a potion of mutation
 l - 7 potions of curing
 u - 8 potions of lignification
 E - 3 potions of cancellation
 U - a potion of invisibility
 V - a potion of heal wounds
Miscellaneous
 M - a condenser vane
 W - a lightning rod (4/4)


   Skills:
 * Level 14.0 Fighting
 + Level 7.3(10.9) Short Blades
 + Level 13.6(14.5) Long Blades
 + Level 4.3 Ranged Weapons
 + Level 7.3 Throwing
 + Level 7.9 Armour
 + Level 8.0 Dodging
 + Level 6.6 Stealth
 + Level 9.0 Shields
 * Level 7.7 Invocations
 * Level 10.3 Evocations


You had 14 spell levels left.
You didn't know any spells.
Your spell library contained the following spells:

 Spells                   Type           Power      Damage    Failure   Level
 Apportation              Tloc           0%         N/A       56%         1
 Magic Dart               Conj           0%         1d3       56%         1
 Necrotise                Necr           0%         1d4       56%         1
 Sting                    Tmut/Pois      0%         1d3       56%         1
 Poisonous Vapours        Pois/Air       0%         N/A       71%         2
 Mephitic Cloud           Conj/Pois/Air  0%         N/A       90%         3
 Ozocubu's Armour         Ice            0%         N/A       90%         3
 Olgreb's Toxic Radiance  Pois           0%         N/A       100%        4
 Blade Hands              Tmut           0%         N/A       100%        5
 Fireball                 Conj/Fire      0%         3d3       100%        5
 Iskenderun's Battlesphe  Conj           0%         2d6       100%        5
 Metabolic Englaciation   Hex/Ice        0%         N/A       100%        5
 Conjure Ball Lightning   Conj/Air       0%         3x3d6     100%        6
 Iron Shot                Conj/Erth      0%         9d1       100%        6
 Orb of Destruction       Conj           0%         9d5       100%        7
 Ozocubu's Refrigeration  Ice            0%         4d7       100%        7
 Summon Small Mammal      Summ           Unusable   N/A       N/A         1
 Call Imp                 Summ           Unusable   N/A       N/A         2
 Animate Armour           Summ/Erth      Unusable   N/A       N/A         4
 Simulacrum               Ice/Necr       Unusable   N/A       N/A         6

Dungeon Overview and Level Annotations

Branches:
Dungeon (13/15)            Temple (1/1) D:7            Lair (5/5) D:10
 Shoals (0/4) Lair:3       Spider (1/4) Lair:3        Slime (0/5) Lair:4
    Orc (0/2) D:12
 Vaults: D:13-14

Altars:
Ashenzari
Dithmenos
Elyvilon
Fedhas
Gozag
Hepliaklqana
Kikubaaqudgha
Makhleb
Nemelex Xobeh
Okawaru
Qazlal
Uskayaw
Xom
Jiyva

Shops:
D:3 (   D:8 ?(==   D:10 :   D:13 !


Innate Abilities, Weirdness & Mutations

You are amphibious.
You cover ground slowly.
You can hop long distances.
You have an extended range of vision and can be seen from far away.
You are agile. (Dex +4, Str/Int -1)
You possess an exceptional clarity of mind.
Your magical capacity is low. (-10% MP)
You occasionally shout uncontrollably at your foes.


Message History

The wolf spider is heavily wounded.
The wolf spider misses you. You block the wolf spider's attack.
Something hits you.
You feel weakened. Something barely misses you. You block something's attack.
The wolf spider hits you! The wolf spider barely misses you.
You slice the wolf spider like a ripe choko!!!
You burn the wolf spider.
You kill the wolf spider!
Okawaru accepts your kill.
Something hits you. x2; Something stings you!
* * * LOW HITPOINT WARNING * * *
You slash something! You burn something. You freeze something.
Something hits you but does no damage. Something hits you.
* * * LOW HITPOINT WARNING * * *
Something stings you but does no damage.
You closely miss something.
You feel you are being watched by something.
You feel your power leaking away. Something hits you!
* * * LOW HITPOINT WARNING * * *
Something hits you but does no damage. Something completely misses you.
You completely miss something.
A redback comes into view.
Something hits you!
* * * LOW HITPOINT WARNING * * *
You feel dopey. Something barely misses you. Something stings you!
* * * LOW HITPOINT WARNING * * *
You feel dopey.
It was a potion of berserk rage.
A red film seems to cover your vision as you go berserk!
You feel yourself moving faster!
You feel mighty! You block something's attack. x2
Something stings you.
* * * LOW HITPOINT WARNING * * *
You slice something!! You burn something. You freeze something.
You slash something! You burn something. You freeze something.
You feel you are being watched by something.
Something closely misses you. x2; Something stings you.
You die...

##......!......######
#.............## # . #
##...........## #
...##. ##............#
.......##†.............
#......†##..........
##.......###.......
......##.^...^..^....
.##.. ##...@........ #.
#..{†...##... #
#...((..## #........#
#........^.#
#.s.....(....#
#.........(.....
.................
..##........#.###


You could see a redback.

Vanquished Creatures
  Rupert (D:12)
  Nessos (D:12)
  Azrael (D:13)
  A boulder beetle (Spider:1)
  A hydra (D:13)
  Erolcha (D:10)
  4 catoblepae
  3 centaur warriors (D:13)
  2 two-headed ogres
  10 death yaks
  4 skeletal warriors (D:13)
  Lodul (D:12)
  2 wolf spiders (Spider:1)
  A cyclops (D:12)
  A deep elf pyromancer (D:13)
  An ugly thing (D:11)
  5 elephants (Lair:4)
  3 manticores
  5 black mambas
  11 cane toads
  A torpor snail (Spider:1)
  Maggie (D:6)
  4 rime drakes
  An unseen horror (D:12)
  4 kobold demonologists (D:11)
  14 komodo dragons
  3 demonic crawlers (Spider:1)
  A tengu conjurer (D:12)
  4 trolls
  Prince Ribbit (D:9)
  A meliai (shapeshifter) (D:13)
  17 blink frogs
  A polar bear (Lair:4)
  6 tarantellas (Spider:1)
  5 dream sheep (Lair:4)
  A snapping turtle (Lair:3)
  5 jumping spiders (Spider:1)
  2 shadows
  2 vampires
  2 fire elementals (D:13)
  2 wraiths (D:12)
  58 yaks
  4 culicivoras (Spider:1)
  5 wyverns
  4 basilisks
  Eustachio (D:5)
  5 redbacks (Spider:1)
  2 steam dragons
  4 vampire mosquitoes (D:13)
  Menkaure (D:5)
  Edmund (D:6)
  2 acid dragons
  16 water moccasins
  2 hell hounds (D:13)
  4 orc warriors
  An ice beast (D:8)
  5 sky beasts
  2 black bears (D:6)
  4 centaurs
  7 ogres
  A wolf (D:10)
  2 phantoms (D:6)
  3 kobold brigands
  3 necrophages
  6 bullfrogs
  A gnoll sergeant (D:7)
  9 scorpions
  21 wights
  3 killer bees (D:10)
  3 electric eels
  A howler monkey (D:5)
  2 jellies (D:6)
  6 hounds
  7 orc priests
  A gnoll bouda (D:7)
  6 iguanas
  4 orc wizards
  4 hell rats (Lair:3)
  Robin (D:3)
  15 gnolls
  13 adders
  3 shadow imps
  2 white imps (D:7)
  An ufetubus (D:5)
  4 worms
  35 orcs
  11 endoplasms
  3 giant cockroaches
  16 goblins
  9 hobgoblins
  A jackal (D:4)
  27 kobolds
  2 quokkas
  5 ball pythons
  4 bats
  3 frilled lizards
  6 rats
509 creatures vanquished.

Vanquished Creatures (others)
  Fannar (Lair:2)
  24 fungi
  39 plants
64 creatures vanquished.

Grand Total: 573 creatures vanquished

Notes
Turn   | Place    | Note
-------+----------+-------------------------------------------
     0 | D:1      | Kazon the Barachi Fighter began the quest for the Orb.
     0 | D:1      | Reached XP level 1. HP: 18/18 MP: 1/1
    39 | D:1      | Identified a scroll of acquirement
    39 | D:1      | Acquired the +3 pair of gauntlets of War {Slay+5}
    39 | D:1      | Found the +3 pair of gauntlets of War {Slay+5}
   128 | D:1      | Reached XP level 2. HP: 18/24 MP: 2/2
   700 | D:2      | Reached XP level 3. HP: 26/30 MP: 3/3
  1108 | D:2      | Reached skill level 4 in Fighting
  1108 | D:2      | Reached XP level 4. HP: 36/37 MP: 4/4
  1333 | D:3      | Found Umat's Antique Weapon Boutique.
  1547 | D:3      | Reached XP level 5. HP: 17/43 MP: 5/5
  1585 | D:3      | Reached skill level 1 in Throwing
  1690 | D:3      | Noticed Robin
  1698 | D:3      | Killed Robin
  1760 | D:3      | Reached skill level 6 in Fighting
  1760 | D:3      | Reached XP level 6. HP: 53/53 MP: 6/6
  1935 | D:4      | Reached skill level 7 in Fighting
  1960 | D:4      | Reached XP level 7. HP: 58/60 MP: 7/7
  2250 | D:4      | Found a hazy altar of Hepliaklqana.
  2738 | D:5      | Entered Level 5 of the Dungeon
  2823 | D:5      | Reached skill level 5 in Short Blades
  2854 | D:5      | Reached XP level 8. HP: 63/67 MP: 8/8
  3154 | D:5      | Noticed Eustachio
  3244 | D:5      | Noticed Menkaure
  3250 | D:5      | Killed Menkaure
  3251 | D:5      | Reached skill level 1 in Evocations
  3489 | D:5      | Killed Eustachio
  3670 | D:6      | Reached XP level 9. HP: 37/72 MP: 9/9
  3783 | D:7      | Found a staircase to the Ecumenical Temple.
  3794 | Temple   | Entered the Ecumenical Temple
  3801 | Temple   | Became a worshipper of Warmaster Okawaru
  3879 | D:7      | Found a hide-covered altar of Uskayaw.
  4123 | D:6      | Reached skill level 5 in Dodging
  4140 | D:6      | Reached * piety under Okawaru
  4363 | D:6      | Reached skill level 1 in Invocations
  4376 | D:6      | Noticed Edmund
  4391 | D:6      | Killed Edmund
  4391 | D:6      | Reached ** piety under Okawaru
  4553 | D:6      | Reached XP level 10. HP: 80/80 MP: 11/11
  4640 | D:6      | Noticed Maggie
  4651 | D:6      | Killed Maggie
  4755 | D:6      | Reached *** piety under Okawaru
  4845 | D:7      | Found a white marble altar of Elyvilon.
  4959 | D:7      | Reached skill level 8 in Fighting
  5121 | D:7      | Received a gift from Okawaru
  5189 | D:8      | Found Quzidd's Magic Scroll Emporium.
  5194 | D:8      | Bought a scroll of teleportation for 42 gold pieces
  5319 | D:8      | Reached skill level 5 in Throwing
  5343 | D:8      | Found Esumer's Weapon Shop.
  5819 | D:8      | Found Heidghoki's Jewellery Shop.
  5910 | D:8      | Found Zoxtaeshakh's Jewellery Boutique.
  6232 | D:9      | Noticed Prince Ribbit
  6247 | D:9      | Killed Prince Ribbit
  6497 | D:9      | Reached **** piety under Okawaru
  6560 | D:9      | Noticed a two-headed ogre
  6573 | D:9      | Killed a two-headed ogre
  6574 | D:9      | Reached XP level 11. HP: 68/87 MP: 13/13
  6721 | D:10     | Entered Level 10 of the Dungeon
  6776 | D:10     | Found a staircase to the Lair.
  6847 | D:10     | Noticed Erolcha
  6852 | D:10     | Killed Erolcha
  6853 | D:10     | Reached skill level 5 in Evocations
  6871 | D:10     | Identified the +5 long sword of the Land of Plenty {drain,
                  | Dex+3}
  6875 | D:10     | Found Juagoaq's Book Shoppe.
  6889 | D:10     | Reached skill level 5 in Stealth
  7057 | D:10     | Reached ***** piety under Okawaru
  7320 | D:10     | Received a gift from Okawaru
  7412 | D:10     | Reached skill level 9 in Fighting
  7608 | D:10     | Reached skill level 10 in Long Blades
  7794 | D:11     | Noticed a green ugly thing
  7802 | D:11     | Killed a green ugly thing
  7833 | D:11     | Identified the +7 morningstar "Nipuats" {vorpal, Fragile
                  | rC++ rCorr SInv} (Okawaru gifted it to you on level 11 of
                  | the Dungeon)
  7833 | D:11     | Received a gift from Okawaru
  7959 | D:11     | Reached XP level 12. HP: 95/95 MP: 15/15
  8220 | D:8      | Bought the amulet "Odemouw" {Contam rPois rF+++ Regen+
                  | Stlth+} for 734 gold pieces
  8281 | Lair:1   | Entered Level 1 of the Lair of Beasts
  8403 | Lair:1   | Found the +2 Maxwell's thermic engine {flame, freeze}
  8439 | Lair:1   | You fall into a shaft and drop 1 floor!
  8733 | Arena    | Entered the Arena
  8780 | Lair:1   | Reached skill level 5 in Invocations
  9117 | Lair:2   | Noticed Fannar
  9122 | Lair:2   | Noticed a catoblepas
  9129 | Lair:2   | Killed Fannar
  9151 | Lair:2   | HP: 1/97 [blink frog (11)]
  9152 | Lair:2   | Killed a catoblepas
  9153 | Lair:2   | Reached skill level 10 in Fighting
  9153 | Lair:2   | Identified the +8 sling of Due Proportion {flame, rF++
                  | Will++} (Okawaru gifted it to you on level 2 of the Lair of
                  | Beasts)
  9153 | Lair:2   | Received a gift from Okawaru
  9927 | Lair:3   | Found a staircase to the Shoals.
  9962 | Lair:3   | Reached skill level 1 in Ranged Weapons
  9966 | Lair:3   | Gained mutation: You can hop long distances. [Barachi
                  | growth]
  9966 | Lair:3   | Reached XP level 13. HP: 95/105 MP: 17/17
 10114 | Lair:3   | Found an ancient bone altar of Kikubaaqudgha.
 10175 | Lair:3   | Identified the +5 triple sword of Painted Valiance {flame,
                  | rCorr} (Okawaru gifted it to you on level 3 of the Lair of
                  | Beasts)
 10175 | Lair:3   | Received a gift from Okawaru
 10176 | Lair:3   | Reached skill level 11 in Fighting
 10291 | Lair:3   | Reached ****** piety under Okawaru
 10381 | Lair:3   | Found a hole to the Spider Nest.
 10749 | Lair:4   | Found a staircase to the Slime Pits.
 10750 | Lair:4   | Found a viscous altar of Jiyva.
 10770 | Lair:4   | Gained mutation: Your magical capacity is low. (-10% MP)
                  | [potion of mutation]
 10770 | Lair:4   | Gained mutation: You possess an exceptional clarity of
                  | mind. [potion of mutation]
 10770 | Lair:4   | Gained mutation: You occasionally shout uncontrollably at
                  | your foes. [potion of mutation]
 10770 | Lair:4   | Gained mutation: You are agile. (Dex +4, Str/Int -1)
                  | [potion of mutation]
 11130 | Lair:4   | Identified the +3 battleaxe "Adididghufym" {antimagic, rF+
                  | Will+}
 11267 | Lair:5   | Entered Level 5 of the Lair of Beasts
 11292 | Lair:5   | Received a gift from Okawaru
 11314 | Lair:5   | Received a gift from Okawaru
 11332 | Lair:5   | Reached skill level 12 in Fighting
 11878 | Lair:5   | Reached XP level 14. HP: 111/115 MP: 16/16
 12252 | Lair:5   | Received a gift from Okawaru
 12825 | D:12     | Noticed Lodul
 12838 | D:12     | Killed Lodul
 12907 | D:12     | Noticed Nessos
 12930 | D:12     | Killed Nessos
 12979 | D:12     | Found a staircase to the Orcish Mines.
 13137 | D:12     | Reached skill level 13 in Fighting
 13285 | D:12     | Noticed Rupert
 13287 | D:12     | Killed Rupert
 13567 | D:13     | Noticed Azrael
 13577 | D:13     | Killed Azrael
 13651 | D:13     | Received a gift from Okawaru
 13720 | D:13     | Found Ituota Roil's Distillery.
 13910 | D:13     | Reached skill level 10 in Evocations
 14094 | Spider:1 | Entered Level 1 of the Spider Nest
 14215 | Spider:1 | Received a gift from Okawaru
 14223 | Spider:1 | Reached XP level 15. HP: 122/125 MP: 18/18
 14322 | Spider:1 | Received a gift from Okawaru
 14334 | Spider:1 | Reached skill level 14 in Fighting
 14356 | Spider:1 | HP: 3/126 [something (8)]
 14359 | Spider:1 | Slain by a ghost moth

Illustrated notes

Levels and vault maps discovered:
D:1:      dpeg_arrival_three_smaller_balls, layout_basic
D:2:      layout_loops_ring
D:3:      layout_basic, serial_shops, nicolae_shop_stone, st_stairs_9,
          minmay_misc_feat_doors, eino_curves_03, uniq_robin
D:4:      minmay_wonky_spiral, layout_basic,
          mainiacjoe_overflow_surrounded_room, minivault_5
D:5:      layout_cave_pods, uniq_menkaure, uniq_eustachio
D:6:      cheibrodos_barr_body, layout_basic, minmay_crystal_room,
          minmay_pentangle, uniq_maggie, uniq_edmund
D:7:      layout_cave_pools, nicolae_uskayaw_murder_on_the_dancefloor,
          elyvilon_altar_4, minmay_temple_entry_purple_smoke
D:8:      layout_basic, serial_shops, shop_statue, kennysheep_little_box, shop,
          nicolae_shop_window_shopping
D:9:      layout_cave_pools, uniq_prince_ribbit1
D:10:     layout_stronghold, erik_lair_island, serial_shops,
          nicolae_shop_statue_plus, uniq_erolcha
D:11:     layout_roguey
D:12:     layout_loops_ring, orc_0_dummy, chequers_serial_rivers_marsh,
          uniq_lodul, uniq_nessos, uniq_rupert
D:13:     layout_gridville, david_vaults_5, serial_shops,
          nicolae_shop_behind_doors, minmay_fractal_squares_gapless_5,
          uniq_azrael
Temple:   nicolae_temple_bog_church
Lair:1:   layout_long_grid, fungi_pond_lemuel, cheibrodos_lair_reptile_den
Lair:2:   layout_gridlike, uniq_fannar
Lair:3:   layout_roguey, minmay_shoals_entry_hut,
          nicolae_spider_entry_non_spiders, basic_altar, serial_bayou_crossing
Lair:4:   layout_gridlike, slime_entry_1, serial_rivers,
          chequers_serial_rivers_room_a, chequers_serial_rivers_micro_c,
          chequers_serial_rivers_room_a, chequers_serial_rivers_micro_e,
          minivault_27, grunt_megastairs_3, infiniplex_staircase_pool_2
Lair:5:   evilmike_catoblepas_cave, layout_long_grid
Spider:1: layout_chambers, nicolae_spider_undead_wolf_pack

Skill      XL: |  1  2  3  4  5  6  7  8  9 10 11 12 13 14 15 |
---------------+----------------------------------------------+-----
Armour         | 4 6 7 |  7.9
Long Blades    | 3 4 6 7 8 9 10 11 12 13 | 13.6
Fighting       | 4 6 7 8 9 10 12 13 14 | 14.0
Throwing       | 4 5 6 7 |  7.3
Shields        | 6 7 8 9 |  9.0
Short Blades   | 4 5 6 7 |  7.3
Dodging        | 4 5 6 7 8 |  8.0
Stealth        | 3 4 5 6 |  6.6
Evocations     | 1 3 4 6 7 9 10 | 10.3
Invocations    | 1 3 4 5 6 7 |  7.7
Ranged Weapons | 1 3 4 |  4.3

Action                   |  1- 3 |  4- 6 |  7- 9 | 10-12 | 13-15 || total
-------------------------+-------+-------+-------+-------+-------++-------
Melee: Long sword        |    52 |    19 |   187 |   324 |       ||   582
       Dagger            |       |    77 |   123 |   238 |   165 ||   603
       Double sword      |       |       |       |    39 |   320 ||   359
 Fire: Sling             |       |       |       |    29 |    61 ||    90
Throw: Stone             |     1 |    13 |    52 |    43 |    22 ||   131
       Boomerang         |       |       |     3 |    44 |    38 ||    85
       Dart              |       |       |       |    31 |    24 ||    55
       Javelin           |       |       |       |       |     3 ||     3
Invok: Heroism           |       |       |       |     5 |     6 ||    11
       Finesse           |       |       |       |     1 |     1 ||     2
       Duel              |       |       |       |     1 |       ||     1
 Abil: Hop               |       |       |       |     1 |     1 ||     2
Evoke: Wand              |       |       |     1 |     8 |     3 ||    12
       Lightning rod     |       |       |       |       |     2 ||     2
       Condenser vane    |       |       |       |       |     2 ||     2
  Use: Scroll            |     1 |       |     3 |     6 |     9 ||    19
       Potion            |       |     1 |     3 |     2 |     2 ||     8
 Stab: Sleeping          |       |       |     2 |    12 |    11 ||    25
       Paralysed         |       |       |       |     8 |     1 ||     9
       Petrified         |       |       |       |     4 |       ||     4
Armor: Scale mail        |    22 |    35 |    54 |       |       ||   111
       Leather armour    |       |       |    80 |    88 |       ||   168
       Troll leather arm |       |       |       |    44 |    98 ||   142
Dodge: Dodged            |    35 |    27 |   148 |   231 |   215 ||   656
Block: Buckler           |    21 |    23 |    62 |   117 |   134 ||   357
